 Dungeon Crawl Stone Soup version 0.31-a0-232-gb1c03b2570 (webtiles) character file.

Game seed: 7801418680150043307

99 qw the Shooter (level 4, -2/36 HPs)
             Began as a Minotaur Hexslinger on July 7, 2023.
             Slain by a goblin
             ... wielding a +0 dagger
             ... led by Robin
              (4 damage)
             ... on level 3 of the Dungeon.
             The game lasted 00:00:50 (1702 turns).

qw the Shooter (Minotaur Hexslinger)                Turns: 1702, Time: 00:00:51

Health: -2/36      AC:  5    Str: 13    XL:     4   Next: 45%
Magic:  4/4        EV: 11    Int: 10    God:
Gold:   212        SH:  0    Dex: 14    Spells: 4/5 levels left

rFire   . . .        Y - +2 sling
rCold   . . .        (no shield)
rNeg    . . .        j - +0 ring mail
rPois   .            (helmet restricted)
rElec   .            (no cloak)
rCorr   .            (no gloves)
SInv    .            (no boots)
Will    .....        (no amulet)
Stlth   +            (no ring)
HPRegen 0.26/turn    (no ring)
MPRegen 0.09/turn

%: no passive effects
@: lethally poisoned (-2 -> -7), about to teleport
A: horns 2, retaliatory headbutt
a: no special abilities


You were on level 3 of the Dungeon.
You visited 1 branch of the dungeon, and saw 3 of its levels.

You collected 212 gold pieces.


Innate Abilities, Weirdness & Mutations

You have a pair of horns on your head.
You reflexively headbutt those who attack you in melee.


   Skills:
 - Level 2.0 Fighting
 + Level 4.8 Ranged Weapons
 - Level 1.0 Armour
 - Level 2.1 Dodging
 - Level 1.0 Spellcasting
 - Level 2.0 Hexes


You had 4 spell levels left.
You knew the following spells:

 Your Spells              Type           Power      Damage    Failure   Level
a - Slow                  Hex            16%        N/A       32%         1

Your spell library contained the following spells:

 Spells                   Type           Power      Damage    Failure   Level
 Inner Flame              Hex/Fire       2%         N/A       82%         3
 Portal Projectile        Hex/Tloc       4%         N/A       82%         3
 Cause Fear               Hex            2%         N/A       97%         4

Inventory:

Hand Weapons
 Y - a +2 sling (weapon)
Armour
 j - a +0 ring mail (worn)
Scrolls
 a - 3 scrolls of teleportation
 b - 2 scrolls of enchant armour
 g - a scroll of noise {unknown}
 i - a scroll of identify
Potions
 c - a potion of enlightenment {unknown}
 d - a potion of might
 e - a potion of attraction {unknown}
 f - a potion of cancellation {unknown}
 h - a potion of haste {unknown}
 m - a potion of degeneration {unknown}

Dungeon Overview and Level Annotations

Branches:
Dungeon (3/15)

Altars:
Qazlal

Shops:
D:1 [

Annotations:
D:3 Robin


Message History

The sling bullet barely misses the hobgoblin.
The sling bullet hits the orc priest!
The orc priest is heavily wounded.
Robin hits you from afar with a +0 trident of venom.
You are poisoned.
The hobgoblin barely misses you.
A goblin comes into view. It is wielding a +0 club.
The goblin barely misses you. You furiously retaliate!
You headbutt the goblin.
You kill the goblin!
You shoot a sling bullet. The sling bullet hits the hobgoblin.
The hobgoblin is almost dead.
You feel very sick.
An orc comes into view. It is wielding a +0 club.
Robin says, "Duck!"
Robin completely misses you. The hobgoblin hits you.
You shoot a sling bullet. The sling bullet hits the hobgoblin.
You kill the hobgoblin!
You feel sick.
You hear a shout!
Robin hits you from afar with a +0 trident of venom.
You are lethally poisoned!
Robin throws the goblin at you! The orc priest barely misses you.
The goblin misses you.
You shoot a sling bullet.
The sling bullet closely misses the orc priest.
The sling bullet hits the goblin.
The goblin is heavily wounded.
You feel very sick. Robin closely misses you. The orc priest barely misses you.
The goblin hits you but does no damage.
1701 ||| READING 4 scrolls of teleportation.
As you read the scroll of teleportation, it crumbles to dust.
You feel strangely unstable.
You feel sick. The goblin closely misses you.
The orc priest hits you with a +0 club.
You shoot a sling bullet.
The sling bullet closely misses the orc priest.
The sling bullet barely misses the goblin.
You feel sick. The goblin hits you with a +0 dagger.
You die...

#.#.##.# #......#
###.#### # #...# ..
#..># ... #...# ....
#####...##### J....
###...........####ggS...
...............g@og#
###...........####......
# ###.......### #....
#####.#...#.# .#.
......#...#.#
#.........#.####
###....#.##....#
..###...(......#
....###.####...#


You could see a jelly, Robin, an orc priest, 3 goblins and a ball python.

Vanquished Creatures
  2 adders (D:2)
  2 worms (D:3)
  3 dart slugs
  2 orcs (D:3)
  8 ball pythons
  8 endoplasms
  10 goblins
  7 hobgoblins
  5 kobolds
  4 quokkas
  4 bats
  2 frilled lizards (D:1)
  3 rats (D:1)
60 creatures vanquished.

Notes
Turn   | Place    | Note
-------+----------+-------------------------------------------
     0 | D:1      | qw the Minotaur Hexslinger began the quest for the Orb.
     0 | D:1      | Reached XP level 1. HP: 16/16 MP: 1/1
     0 | D:1      | 0 ||| qw: Version: 0.3-a-46-gb1f654a
     0 | D:1      | 0 ||| qw: Game counter: 2325
     0 | D:1      | 0 ||| qw: Melee chars always use a shield: true
     0 | D:1      | 0 ||| qw: God list: Okawaru
     0 | D:1      | 0 ||| qw: Allow faded altars: false
     0 | D:1      | 0 ||| qw: Do Orc after clearing Dungeon:15 true
     0 | D:1      | 0 ||| qw: Do second Lair branch before Depths: true
     0 | D:1      | 0 ||| qw: Lair rune preference: random
     0 | D:1      | 0 ||| qw: Goals: Normal
     0 | D:1      | 0 ||| PLANNING D:1-11
    41 | D:1      | 41 ||| FLEEEEING.
    42 | D:1      | 42 ||| FLEEEEING.
    43 | D:1      | 43 ||| FLEEEEING.
    47 | D:1      | 47 ||| FLEEEEING.
    49 | D:1      | 49 ||| FLEEEEING.
    50 | D:1      | 50 ||| FLEEEEING.
    51 | D:1      | 51 ||| FLEEEEING.
    52 | D:1      | 52 ||| FLEEEEING.
    53 | D:1      | 53 ||| FLEEEEING.
    54 | D:1      | 54 ||| FLEEEEING.
    55 | D:1      | 55 ||| FLEEEEING.
    56 | D:1      | 56 ||| FLEEEEING.
    57 | D:1      | 57 ||| FLEEEEING.
    58 | D:1      | 58 ||| FLEEEEING.
    82 | D:1      | Reached skill level 3 in Ranged Weapons
    83 | D:1      | Found Diskuiq's Armour Shop.
    87 | D:1      | Reached XP level 2. HP: 23/23 MP: 2/2
    93 | D:1      | 93 ||| SHOPLISTING +0 leather armour (20 gold, have 5).
    93 | D:1      | 93 ||| SHOPLISTING +0 pair of gloves (45 gold, have 5).
    93 | D:1      | 93 ||| SHOPLISTING +0 ring mail (40 gold, have 5).
    93 | D:1      | 93 ||| SHOPLISTING +2 robe (127 gold, have 5).
   161 | D:1      | Found a faded altar of an unknown god.
   339 | D:1      | Reached XP level 3. HP: 29/29 MP: 3/3
   602 | D:1      | 602 ||| DROPPING -3 leather armour.
   603 | D:1      | 603 ||| UPGRADING to -1 ring mail.
   613 | D:1      | 613 ||| DROPPING +0 robe.
   614 | D:1      | 614 ||| DROPPING -2 pair of gloves.
   615 | D:1      | 615 ||| DROPPING -3 ring mail.
   616 | D:1      | 616 ||| UPGRADING to +0 leather armour.
   626 | D:1      | 626 ||| DROPPING -1 ring mail.
   627 | D:1      | 627 ||| UPGRADING to +0 ring mail.
   637 | D:1      | 637 ||| DROPPING +0 leather armour.
   638 | D:1      | 638 ||| DROPPING +6 ring of intelligence.
   639 | D:1      | 639 ||| READING 3 scrolls labelled YMITSI HAICZYARGH.
   643 | D:1      | 643 ||| READING scroll labelled FENUWYENTA.
   644 | D:1      | 644 ||| READING scroll labelled ELOREL UKUMU.
   645 | D:1      | 645 ||| DROPPING scroll of poison.
   694 | D:2      | Reached skill level 4 in Ranged Weapons
   872 | D:2      | Reached skill level 1 in Armour
   932 | D:2      | Reached XP level 4. HP: 36/36 MP: 4/4
  1277 | D:2      | 1277 ||| READING 3 scrolls labelled SIVATU FESEVE.
  1278 | D:2      | 1278 ||| READING scroll labelled RULEC PIYS.
  1279 | D:2      | 1279 ||| DRINKING 2 grey potions.
  1517 | D:3      | Found a stormy altar of Qazlal.
  1517 | D:3      | Noticed an earth elemental
  1587 | D:3      | Noticed a water elemental
  1604 | D:3      | Noticed a fire elemental
  1605 | D:3      | Noticed an air elemental
  1692 | D:3      | Noticed Robin
  1700 | D:3      | HP: 7/36 [poisoned by Robin]
  1701 | D:3      | 1701 ||| READING 4 scrolls of teleportation.
  1701 | D:3      | HP: 3/36 [orc priest/+0 club (2)]
  1702 | D:3      | Slain by a goblin

Levels and vault maps discovered:
D:1:      minmay_arrival_arboretum_small, layout_basic, serial_shops,
          nicolae_shop_scrapyard, nicolae_ecumenical_snake_handling,
          corner_web_ring, minmay_vboxes
D:2:      layout_basic
D:3:      layout_loops_cross, dk_yredelemnul_ordeal,
          nicolae_qazlal_style_of_elements, serial_shops,
          nicolae_shop_real_fake_doors, minmay_unequal, uniq_robin

Skill      XL: |  1  2  3 |
---------------+----------+-----
Ranged Weapons | 3 4 |  4.8
Fighting       | 2 |  2.0
Armour         | 1 |  1.0
Dodging        | |  2.1
Spellcasting   | |  1.0
Hexes          | |  2.0

Action                     |  1- 3 |  4- 6 || total
---------------------------+-------+-------++-------
   Fire: Sling             |   126 |    71 ||   197
    Use: Scroll            |     3 |     3 ||     6
         Potion            |       |     1 ||     1
 Armour: Robe              |     4 |       ||     4
         Ring mail         |     7 |    11 ||    18
  Dodge: Dodged            |    43 |    29 ||    72

Table legend:
 A = Non-vault XP
 B = Vault XP
 C = Vault XP percentage of total XP
 D = Non-vault monster count
 E = Vault monster count
 F = Vault count percentage of total count
                 A         B        C        D         E       F
            +---------+---------+-------+---------+---------+-------
      Total |      99 |      43 |  30.3 |      39 |      21 |  35.0
            +---------+---------+-------+---------+---------+-------
        D:1 |      37 |      22 |  37.3 |      20 |      12 |  37.5
        D:2 |      42 |       0 |   0.0 |      12 |       0 |   0.0
        D:3 |      20 |      21 |  51.2 |       7 |       9 |  56.2
            +---------+---------+-------+---------+---------+-------
